 Dungeon Crawl Stone Soup version 0.26-a0-651-gb41185065b (webtiles) character file.

Game seed: 6662883812856746317

305 Irenicus the Geomancer (level 6, -3/49 HPs)
             Began as a Deep Dwarf Earth Elementalist on Oct 6, 2020.
             Slain by an orc warrior
             ... wielding a cursed -1 battleaxe
              (17 damage)
             ... on level 4 of the Dungeon.
             The game lasted 00:10:42 (1738 turns).

Irenicus the Geomancer (DDEE)                       Turns: 1738, Time: 00:10:43

Health: -3/49      AC:  5    Str: 12    XL:     6   Next: 16%
Magic:  1/8        EV: 10    Int: 17    God:
Gold:   196        SH:  0    Dex: 10    Spells: 5/8 levels left

rFire    x . .     SeeInvis .   g - +0 short sword
rCold    + . .     Faith    .   (no shield)
rNeg     . . .     Spirit   .   m - +0 ring mail
rPois    +         Reflect  .   (no helmet)
rElec    .         Harm     .   (no cloak)
rCorr    .         Rampage  .   (no gloves)
MR       +++..                  (no boots)
Stlth    +.........             d - amulet of the acrobat
HPRegen  0.00/turn              t - ring "Nefomos" {Ice *Drain rPois MR+++ Dex-3}
MPRegen  0.11/turn              (no ring)

@: non-regenerating, lightly drained
A: damage resistance, heal wounds, sense surroundings 1, no regeneration
a: Heal Wounds


You were on level 4 of the Dungeon.
You visited 1 branch of the dungeon, and saw 4 of its levels.

You collected 196 gold pieces.

Inventory:

Hand Weapons
 g - a +0 short sword (weapon)
   (You found it on level 1 of the Dungeon)
Missiles
 b - 58 stones (quivered)
Armour
 m - a +0 ring mail (worn)
   (You found it on level 2 of the Dungeon)
Jewellery
 d - an amulet of the acrobat (around neck)
   (You found it on level 1 of the Dungeon)
 t - the ring "Nefomos" (left hand) {Ice *Drain rPois MR+++ Dex-3}
   (You found it on level 4 of the Dungeon)

   [ring of ice]

   It enhances your ice magic.
   It affects your dexterity (-3).
   It makes you vulnerable to fire.
   It protects you from cold.
   It protects you from poison.
   It affects your resistance to hostile enchantments.
   It causes draining when unequipped.
Wands
 q - a wand of iceblast (12)
   (You found it on level 3 of the Dungeon)
Scrolls
 a - 2 scrolls of blinking {unknown}
 e - a scroll of random uselessness {unknown}
 f - 4 scrolls of identify {unknown}
 j - a scroll of teleportation {unknown}
 k - 3 scrolls of amnesia {unknown}
 l - 2 scrolls of fog {unknown}
 n - 2 scrolls of enchant armour {unknown}
 s - a scroll of remove curse {unknown}
Potions
 c - a potion of degeneration {unknown}
 h - a potion of lignification {unknown}
 i - a potion of brilliance {unknown}
 o - a potion of resistance {unknown}
 p - a potion of invisibility {unknown}
 r - a potion of curing {unknown}


   Skills:
 - Level 2.1(1.9) Dodging
 - Level 2.4(2.1) Stealth
 - Level 1.7(1.5) Spellcasting
 - Level 0.8(0.6) Transmutations
 + Level 9.2(8.9) Earth Magic


You had 5 spell levels left.
You knew the following spells:

 Your Spells              Type           Power        Failure   Level
a - Sandblast             Erth           ####..       1%          1
w - Passwall              Tmut/Erth      ###.....     10%         2

Your spell library contained the following spells:

 Spells                   Type           Power        Failure   Level
 Stone Arrow              Conj/Erth      ###...       22%         3
 Lee's Rapid Deconstruct  Erth           ####......   32%         5
 Petrify                  Tmut/Erth      ###.....     54%         4


Dungeon Overview and Level Annotations

Branches:
Dungeon (4/15)
 Temple: D:4-7

Altars:
Gozag
Nemelex Xobeh
Okawaru


Innate Abilities, Weirdness & Mutations

You are resistant to damage.
You can heal yourself by infusing magical energy.
You passively map a small area around you.
You do not regenerate.


Message History

a +0 club; an orc corpse
There is an open door, spattered with blood here.
Found a stone staircase leading up.
MP restored: 8 Unknown command.
You open the door.
Found 28 gold pieces.
Found an escape hatch in the ceiling.
There is an open door here.
You now have 182 gold pieces (gained 14).
You now have 196 gold pieces (gained 14).
You open the door.
There is an open door here.
You see here 13 sling bullets.
You see here 13 sling bullets.
Casting: Sandblast (safe; 1% risk of failure)
Confirm with . or Enter, or press ? or * to list all spells.
Press: ? - help, Dir - move target cursor A rock wall.
You begin to meditate on the wall.
You continue meditating on the rock. x2
You finish merging with the rock.
You now have 6/8 mp.
Found a stone staircase leading down.
MP restored: 8
Casting: Passwall (safe; 9% risk of failure)
Confirm with . or Enter, or press ? or * to list all spells.
Press: ? - help, Dir - move target cursor A rock wall.
You begin to meditate on the wall.
You continue meditating on the rock. x2
You finish merging with the rock.
An orc, an orc warrior and 2 orc wizards come into view.
An orc wizard is wielding a +2 dagger of draining.
You now have 6/8 mp.
The orc wizard shouts!
The orc shouts!
The orc wizard shouts!
You hear a shout!
The orc wizard casts a spell at you. The puff of flame hits you.
The fire burns you terribly!
Casting: Passwall (safe; 9% risk of failure)
Confirm with . or Enter, or press ? or * to list all spells.
Aiming: Sandblast (safe; 1% risk of failure)
Press: ? - help, Shift-Dir - straight line, f - orc
Aim: an orc, wielding a +0 flail The blast of sand hits the orc!
You kill the orc!
b - 63 stones You now have 5/8 mp.
Casting: Sandblast (safe; 1% risk of failure)
Confirm with . or Enter, or press ? or * to list all spells.
Aiming: Sandblast (safe; 1% risk of failure)
Press: ? - help, Shift-Dir - straight line, f - orc warrior
Aim: an orc warrior, wielding a -1 battleaxe and wearing a +0 chain mail The blast of sand hits the orc warrior.
The orc warrior is lightly wounded.
b - 62 stones The orc wizard mumbles some strange words.
The orc wizard flickers and vanishes!
Deactivating autopickup; reactivate with Ctrl-A.
You now have 4/8 mp.
Casting: Sandblast (safe; 1% risk of failure)
Confirm with . or Enter, or press ? or * to list all spells.
Aiming: Sandblast (safe; 1% risk of failure)
Press: ? - help, Shift-Dir - straight line, f/p - orc warrior
Aim: an orc warrior, wielding a -1 battleaxe and wearing a +0 chain mail (lightly wounded)
The blast of sand hits the orc warrior!
The orc warrior is heavily wounded.
b - 61 stones You now have 3/8 mp.
Casting: Sandblast (safe; 1% risk of failure)
Confirm with . or Enter, or press ? or * to list all spells.
Aiming: Sandblast (safe; 1% risk of failure)
Press: ? - help, Shift-Dir - straight line, f/p - orc warrior
Aim: an orc warrior, wielding a -1 battleaxe and wearing a +0 chain mail (heavily wounded)
The blast of sand hits the orc warrior.
The orc warrior is severely wounded.
b - 60 stones The orc wizard barely misses you.
You now have 2/8 mp.
Casting: Sandblast (safe; 1% risk of failure)
Confirm with . or Enter, or press ? or * to list all spells.
Aiming: Sandblast (safe; 1% risk of failure)
Press: ? - help, Shift-Dir - straight line, f/p - orc warrior
Aim: an orc warrior, wielding a -1 battleaxe and wearing a +0 chain mail (severely wounded)
The blast of sand hits the orc warrior.
The orc warrior is severely wounded.
b - 59 stones An ogre comes into view. It is wielding a +0 giant spiked club.
The orc warrior closely misses you.
The orc wizard points at you and mumbles some strange words.
The magic dart hits you. Something hits you.
* * * LOW HITPOINT WARNING * * *
You feel drained.
You take 1 damage, and have 14/49 hp.
You now have 1/8 mp.
Casting: Sandblast (safe; 1% risk of failure)
Confirm with . or Enter, or press ? or * to list all spells.
Aiming: Sandblast (safe; 1% risk of failure)
Press: ? - help, Shift-Dir - straight line, f/p - orc warrior
Aim: an orc warrior, wielding a -1 battleaxe and wearing a +0 chain mail (severely wounded)
The blast of sand hits the orc warrior but does no damage.
The orc warrior is severely wounded.
b - 58 stones The orc warrior hits you with a cursed -1 battleaxe!!
You die...

, # #.....###...####
, , ##.
#......,........ ,
+..###....#########..
, ,
#$..................
,
#........####..###..
. , #........# #..#
### ...###########
#..# , ...O...o.(...#
#..# * *#...!{@.....#
#..# #....o.....(#
#..# #...........#
#..# #......)....#
#..# #........(..#
#..#####
#############
#....... ##.##### #.#
#.#


You could see an orc warrior, an ogre and an orc wizard.

Vanquished Creatures
  A phantom (D:2)
  A scorpion (D:3)
  Jessica (D:2)
  5 adders
  3 gnolls (D:3)
  2 oozes
  A dart slug (D:1)
  7 orcs
  4 giant cockroaches
  8 goblins
  4 hobgoblins
  3 jackals (D:2)
  5 kobolds
  A quokka (D:2)
  2 ball pythons
  6 bats
  4 frilled lizards
  2 rats
60 creatures vanquished.

Notes
Turn   | Place    | Note
-------+----------+-------------------------------------------
     0 | D:1      | Irenicus the Deep Dwarf Earth Elementalist began the quest
                  | for the Orb.
     0 | D:1      | Reached XP level 1. HP: 15/15 MP: 3/3
   189 | D:1      | Reached XP level 2. HP: 20/22 MP: 1/4
   265 | D:1      | Reached skill level 5 in Earth Magic
   483 | D:2      | Reached XP level 3. HP: 26/28 MP: 2/5
   601 | D:2      | Found a faded altar of an unknown god.
   601 | D:2      | Found an iron altar of Okawaru.
   601 | D:2      | Noticed a phantom
   616 | D:2      | Killed a phantom
   616 | D:2      | Reached skill level 7 in Earth Magic
   616 | D:2      | Reached XP level 4. HP: 23/36 MP: 0/6
   617 | D:2      | Found a faded altar of an unknown god.
   619 | D:2      | Found an opulent altar of Gozag.
   620 | D:2      | Found a sparkling altar of Nemelex Xobeh.
   650 | D:2      | Noticed Jessica
   655 | D:2      | Killed Jessica
   655 | D:2      | Reached XP level 5. HP: 27/42 MP: 3/7
   674 | D:2      | Learned a level 2 spell: Passwall
   971 | D:2      | Reached skill level 8 in Earth Magic
  1244 | D:3      | Reached skill level 9 in Earth Magic
  1244 | D:3      | Reached XP level 6. HP: 21/49 MP: 0/8
  1527 | D:4      | Got a bound tin ring
  1528 | D:4      | Identified the ring "Nefomos" {Ice *Drain rPois MR+++
                  | Dex-3} (You found it on level 4 of the Dungeon)
  1564 | D:4      | Found a sparkling altar of Nemelex Xobeh.
  1732 | D:4      | Noticed an orc warrior
  1738 | D:4      | Slain by an orc warrior

Illustrated notes

Levels and vault maps discovered:
D:1:      heliophobic_arrival_battle_scene, layout_loops_ring, minivault_19
D:2:      layout_basic, chequers_temple_overflow_minitemple, uniq_jessica
D:3:      layout_basic
D:4:      layout_basic, kennysheep_little_box, led_sif_book,
          corexii_corridor_pit, nemelex_dance_club_becter

Skill      XL: |  1  2  3  4  5 |
---------------+----------------+-----
Earth Magic    | 5 7 9 |  9.2
Dodging        | |  2.1
Stealth        | |  2.4
Spellcasting   | |  1.7
Transmutations | |  0.8

Action                   |  1- 3 |  4- 6 || total
-------------------------+-------+-------++-------
Melee: Short sword       |     6 |    20 ||    26
 Cast: Sandblast         |    28 |    52 ||    80
       Passwall          |       |     9 ||     9
Armor: Robe              |       |     3 ||     3
       Ring mail         |       |    13 ||    13
Dodge: Dodged            |    15 |    33 ||    48

Table legend: (Time is in decaauts)
 A = Elapsed time spent in this place.
 B = Non-inter-level travel time spent in this place.
 C = Inter-level travel time spent in this place.
 D = Time resting spent in this place.
 E = Time spent auto-exploring this place.
 F = Levels seen in this place.
 G = Mean time per level.
                   A        B        C        D        E       F      G
               +--------+--------+--------+--------+--------+-----+--------+
         Total |   1739 |   1739 |      0 |      0 |      0 |   4 |  434.8 |
       Dungeon |   1739 |   1739 |      0 |      0 |      0 |   4 |  434.8 |
               +--------+--------+--------+--------+--------+-----+--------+

Top non-repeatable levels by time:
     D:2: 618 daAuts
     D:1: 458 daAuts
     D:3: 417 daAuts
     D:4: 246 daAuts

Table legend:
 A = Kills in this place as a percentage of kills in entire the game.
 B = Kills by you in this place as a percentage of kills by you in the entire game.
 C = Kills by friends in this place as a percentage of kills by friends in the entire game.
 D = Other kills in this place as a percentage of other kills in the entire game.
 E = Experience gained in this place as a percentage of experience gained in the entire game.
 F = Experience gained in this place divided by the number of levels of this place that you have seen.
                   A       B       C       D       E      F
               +-------+-------+-------+-------+-------+----------------------
         Total | 100.0 | 100.0 |   N/A |   N/A | 100.0 | 109.2
       Dungeon | 100.0 | 100.0 |   N/A |   N/A | 100.0 | 109.2
               +-------+-------+-------+-------+-------+----------------------
